 Dungeon Crawl Stone Soup version 0.21.0-3-g78d12a8 (webtiles) character file.

191 Firecrotchwizard the Chopper (level 5, -4/47 HPs)
             Began as a Hill Orc Fighter on Jan 15, 2018.
             Slain by Grinder (5 damage)
             ... on level 3 of the Dungeon.
             The game lasted 00:03:27 (2221 turns).

Firecrotchwizard the Chopper (Hill Orc Fighter)     Turns: 2221, Time: 00:03:27

Health: -4/47      AC:  8    Str: 24    XL:     5   Next: 70%
Magic:  5/5        EV:  7    Int:  8    God:
Gold:   103        SH: 10    Dex: 11    Spells: 4/4 levels left

rFire    . . .     SeeInvis .   a - +0 war axe
rCold    . . .     Gourm    .   c - +0 shield
rNeg     . . .     Faith    .   b - +0 scale mail
rPois    .         Spirit   .   n - +0 helmet
rElec    .         Reflect  .   (no cloak)
rCorr    .         Harm     .   (no gloves)
MR       .....                  (no boots)
Stlth    ..........             (no amulet)
HPRegen  0.15/turn              (no ring)
MPRegen  0.09/turn              (no ring)

@: mighty
A: no striking features
a: no special abilities


You were on level 3 of the Dungeon.
You were hungry.

You visited 1 branch of the dungeon, and saw 3 of its levels.

You collected 103 gold pieces.

Inventory:

Hand Weapons
 a - a +0 war axe (weapon)
Armour
 b - a +0 scale mail (worn)
 c - a +0 shield (worn)
 n - a +0 helmet (worn)
   (You found it on level 2 of the Dungeon)
Scrolls
 e - a scroll of remove curse {unknown}
 g - 11 scrolls of identify {unknown}
 j - a scroll of teleportation {unknown}
 l - a scroll of fog {unknown}
 m - 2 scrolls of enchant armour {unknown}
Potions
 h - a potion of haste {unknown}
 k - a potion of curing {unknown}
 o - a potion of lignification {unknown}
Comestibles
 f - 3 rations {@e1}
 i - 2 chunks of flesh {@w0}


   Skills:
 + Level 4.6 Fighting
 * Level 5.2 Axes
 + Level 4.2 Armour
 + Level 4.1 Shields


You had 4 spell levels left.
You didn't know any spells.

Dungeon Overview and Level Annotations

Branches:
Dungeon (3/15)

Altars:
Elyvilon
Gozag

Annotations:
D:3 Grinder


Message History

You hit Grinder. You block Grinder's attack.
You hit Grinder. Grinder gestures at you.
You barely resist.
Some of the chunks of flesh in your inventory have rotted away.
You closely miss Grinder. Grinder hits you.
Grinder blinks!
A rat and a giant cockroach come into view.
You take 1 damage, and have 46/47 hp.
The giant cockroach moves out of view.
Grinder blinks!
The rat bites you but does no damage.
You hit Grinder. You hit the rat but do no damage.
Grinder blinks!
You block the rat's attack.
Health restored: 47 You barely miss the rat.
You block the rat's attack.
The giant cockroach bites you but does no damage.
You completely miss the rat.
You hit the giant cockroach but do no damage.
You block the rat's attack.
The giant cockroach bites you but does no damage.
You block the rat's attack.
You hit the rat.
You kill the rat!
You slash the giant cockroach!
You kill the giant cockroach!
Grinder blinks!
You see here a ration {@e1}.
Grinder gestures at you. Pain shoots through your body!
You take 11 damage, and have 36/47 hp.
MASSIVE DAMAGE!!
Grinder gestures at you. Pain shoots through your body!
You take 2 damage, and have 35/47 hp.
Grinder gestures at you.
You barely resist. You hit Grinder.
Grinder blinks!
Grinder barely misses you.
You closely miss Grinder. Grinder gestures at you.
You suddenly lose the ability to move!
Grinder gestures at you.
You barely resist. Grinder hits you but does no damage.
Grinder barely misses you. Grinder hits you.
You writhe in agony.
Grinder hits you but does no damage.
Grinder blinks!
Grinder grins, showing sharp teeth.
Grinder gestures at you. You resist with significant effort.
You can move again.
You take 8 damage, and have 28/47 hp.
Your shield prevents you from hitting Grinder.
You block Grinder's attack.
Your shield and scale mail prevent you from hitting Grinder.
Grinder hits you.
You take 2 damage, and have 26/47 hp.
You closely miss Grinder. Grinder hits you but does no damage.
You hit Grinder. Grinder hits you but does no damage. x2
You hit Grinder. Grinder gestures at you. You resist with significant effort.
You closely miss Grinder. You block Grinder's attack.
You completely miss Grinder.
Grinder blinks!
Grinder hits you.
You take 5 damage, and have 22/47 hp.
You are feeling hungry.
You closely miss Grinder. You block Grinder's attack.
You barely miss Grinder. Grinder barely misses you.
You barely miss Grinder. Grinder closely misses you.
You closely miss Grinder. Grinder gestures at you.
You resist with significant effort. Grinder hits you.
You writhe in agony.
You take 4 damage, and have 18/47 hp.
You closely miss Grinder. Grinder gestures at you.
You suddenly lose the ability to move!
Grinder hits you but does no damage. Grinder completely misses you.
Grinder hits you but does no damage. x2
You can move again.
You slash Grinder! You block Grinder's attack.
You barely miss Grinder. Grinder hits you.
You writhe in agony.
* * * LOW HITPOINT WARNING * * *
You take 7 damage, and have 12/47 hp.
You barely miss Grinder. Grinder hits you but does no damage.
Grinder gestures at you. Pain shoots through your body!
* * * LOW HITPOINT WARNING * * *
You take 7 damage, and have 5/47 hp.
You hit Grinder but do no damage.
Grinder says, "I used to sell toenails on the black market."
Grinder hits you but does no damage.
You feel very mighty all of a sudden. Grinder closely misses you.
You slash Grinder! Grinder barely misses you.
You hit Grinder. Grinder hits you but does no damage. Grinder hits you.
* * * LOW HITPOINT WARNING * * *
You writhe in agony.
You die...

...............
............... #.#
............... #.#
............... #.#
.....#############!#
.....# #...## ....##
#.#.)# ...## #.#..####
...#############@......#
...............5##...#.#
....########...........#
....# #.##.#.##...#
....# #...........#
#.### #.##..#.......##
...# #.......%####.#
...# .....#..## .# 8_8#
###. #..# .#


You could see Grinder.

Vanquished Creatures
  The ghost of isock the Conjurer, an amateur GnWn (D:3)
  4 adders (D:2)
  A worm (D:2)
  3 dart slugs
  A leopard gecko (D:3)
  4 orcs (D:3)
  5 giant cockroaches
  7 goblins
  10 hobgoblins
  3 jackals (D:1)
  A kobold (D:1)
  2 ball pythons
  5 bats
  5 frilled lizards
  4 rats
56 creatures vanquished.

Notes
Turn   | Place    | Note
-------+----------+-------------------------------------------
     0 | D:1      | Firecrotchwizard the Hill Orc Fighter began the quest for the Orb.
     0 | D:1      | Reached XP level 1. HP: 19/19 MP: 1/1
   356 | D:1      | Reached skill level 3 in Axes
   381 | D:1      | Reached XP level 2. HP: 27/27 MP: 2/2
   804 | D:2      | Reached skill level 4 in Fighting
   804 | D:2      | Reached XP level 3. HP: 33/33 MP: 3/3
   913 | D:2      | Reached skill level 4 in Axes
   961 | D:2      | Reached XP level 4. HP: 33/40 MP: 4/4
  1087 | D:2      | Found a white marble altar of Elyvilon.
  1630 | D:3      | Found an opulent altar of Gozag.
  1651 | D:3      | Noticed isock's ghost (amateur GnWn)
  1685 | D:3      | HP: 8/40 [isock's ghost (6)]
  1688 | D:3      | Killed isock's ghost
  1688 | D:3      | Reached skill level 5 in Axes
  1688 | D:3      | Reached skill level 4 in Armour
  1688 | D:3      | Reached skill level 4 in Shields
  1688 | D:3      | Reached XP level 5. HP: 7/47 MP: 5/5
  2170 | D:3      | Noticed Grinder
  2189 | D:3      | Paralysed by Grinder for 7 turns
  2210 | D:3      | Paralysed by Grinder for 5 turns
  2217 | D:3      | HP: 5/47 [Grinder/nerve-wracking pain (7)]
  2221 | D:3      | HP: 1/47 [Grinder (4)]
  2221 | D:3      | Slain by Grinder

Skill      XL: |  1  2  3  4 |
---------------+-------------+-----
Axes           | 3 4 5 |  5.2
Fighting       | 4 |  4.6
Armour         | 4 |  4.2
Shields        | 4 |  4.1

Action                   |  1- 3 |  4- 6 || total
-------------------------+-------+-------++-------
Melee: War axe           |    82 |   118 ||   200
  Use: Potion            |       |     1 ||     1
  Eat: Chunk             |       |     4 ||     4
Armor: Scale mail        |    45 |    49 ||    94
Dodge: Dodged            |    27 |    31 ||    58
Block: Shield            |    39 |    56 ||    95

Vault maps used:
D:1:      dpeg_arrival_erosion, minmay_unequal
D:2:      elyvilon_altar_3
D:3:      grunt_gozag_breadcrumbs, uniq_grinder

Table legend:
 A = Turns spent in this place as a percentage of turns spent in the entire game.
 B = Non-inter-level travel turns spent in this place as a percentage of non-inter-level travel turns spent in the entire game.
 C = Inter-level travel turns spent in this place as a percentage of turns spent in this place.
 D = Turns resting spent in this place as a percentage of non-inter-level travel turns spent in this place.
 E = Turns spent auto-exploring this place as a percentage of non-inter-level travel turns spent in this place.
 F = Non-inter-level travel turns spent in this place divided by the number of levels of this place that you've seen.
                   A       B       C       D       E      F
               +-------+-------+-------+-------+-------+----------------------
         Total | 100.0 | 100.0 |   2.0 |  20.6 |  62.3 | 725.3
       Dungeon | 100.0 | 100.0 |   2.0 |  20.6 |  62.3 | 725.3
               +-------+-------+-------+-------+-------+----------------------

Table legend:
 A = Kills in this place as a percentage of kills in entire the game.
 B = Kills by you in this place as a percentage of kills by you in the entire game.
 C = Kills by friends in this place as a percentage of kills by friends in the entire game.
 D = Other kills in this place as a percentage of other kills in the entire game.
 E = Experience gained in this place as a percentage of experience gained in the entire game.
 F = Experience gained in this place divided by the number of levels of this place that you have seen.
                   A       B       C       D       E      F
               +-------+-------+-------+-------+-------+----------------------
         Total | 100.0 | 100.0 |   N/A |   N/A | 100.0 |  91.3
       Dungeon | 100.0 | 100.0 |   N/A |   N/A | 100.0 |  91.3
               +-------+-------+-------+-------+-------+----------------------
